| TOP OF THE 1ST |
|
Miami Marlins batting - Pitching for Montreal Expos : RHP Cheng-ho Hsu
|
|
Pitching: RHP Cheng-ho Hsu
|
|
|
Batting: SHB Ramon Martinez
|
0-0: Called Strike 0-1: Swinging Strike 0-2: Foul Ball, location: 2F 0-2: Strikes out looking
|
|
Batting: RHB Bert Clark
|
0-0: Called Strike 0-1: DOUBLE (Line Drive, 89M, EV 100.0 MPH)
|
|
Batting: LHB Andre Gorter
|
0-0: Ball 1-0: Ball 2-0: Ball 3-0: Foul Ball, location: 2F 3-1: Fly out, F7 (Flyball, BS3, EV 110.6 MPH)
|
|
Batting: RHB Jimmy Groseclose
|
0-0: Ball 1-0: Foul Ball, location: 2F 1-1: Foul Ball, location: 2F 1-2: Ball 2-2: Ball 3-2: Foul Ball, location: 2F 3-2: Base on Balls
|
|
Batting: LHB Jose Bregaro
|
0-0: Ball 1-0: Fly out, F9 (Flyball, 89M, EV 85.0 MPH)
|
| Top of the 1st over - 0 runs, 1 hit, 0 errors, 2 left on base; Miami 0 - Montreal 0 |
| BOTTOM OF THE 1ST |
|
Montreal Expos batting - Pitching for Miami Marlins : RHP Oscar Banda
|
|
Pitching: RHP Oscar Banda
|
|
|
Batting: LHB Mark Marvin
|
0-0: DOUBLE (Line Drive, 9LM, EV 103.1 MPH)
|
|
Batting: LHB Steve Anderson
|
0-0: Called Strike 0-1: Ball 1-1: Fly out, F8 (Line Drive, 8LD, EV 94.4 MPH)
|
|
Batting: RHB John Ham
|
0-0: Ball Mark Marvin steals 3rd base 1-0: SINGLE (Groundball, 4D, EV 101.2 MPH) Mark Marvin scores
|
|
Batting: LHB Austin Ohmer
|
0-0: Called Strike 0-1: Foul Ball, location: 2F 0-2: Ball Wild Pitch! John Ham to second 1-2: Ball 2-2: Strikes out looking
|
|
Batting: RHB Steve French
|
0-0: DOUBLE (Line Drive, 5D, EV 100.0 MPH) John Ham scores
|
|
Batting: SHB Lou Kroneman
|
0-0: Ball 1-0: Swinging Strike 1-1: 2-RUN HOME RUN (Flyball, 78XD, EV 99.4 MPH), Distance : 392 ft
|
|
Batting: RHB Eugênio Asceno
|
0-0: Foul Ball, location: 2F 0-1: Foul Ball, location: 2F 0-2: Ball 1-2: Strikes out swinging
|
| Bottom of the 1st over - 4 runs, 4 hits, 0 errors, 0 left on base; Miami 0 - Montreal 4 |
| TOP OF THE 2ND |
|
Miami Marlins batting - Pitching for Montreal Expos : RHP Cheng-ho Hsu
|
|
Batting: RHB Mike Gar
|
0-0: Ball 1-0: Ball 2-0: Called Strike 2-1: Foul Ball, location: 2F 2-2: Ball 3-2: Base on Balls
|
|
Batting: RHB Alberto Cotto
|
0-0: Called Strike 0-1: Called Strike 0-2: Ball 1-2: Strikes out looking
|
|
Batting: RHB Willie Chavez
|
0-0: Ball 1-0: Called Strike 1-1: Foul Ball, location: 2F 1-2: Foul Ball, location: 2F 1-2: Ball 2-2: Ball 3-2: Ground out 5-3 (Groundball, 5L, EV 99.4 MPH) Mike Gar to second
|
|
Now at 3B: Tommy Mize
|
|
|
Batting: SHB Jordan Barragan
|
0-0: Foul Ball, location: 2F 0-1: Foul Ball, location: 2F 0-2: Fly out, F7 (Line Drive, 78M, EV 111.2 MPH)
|
| Top of the 2nd over - 0 runs, 0 hits, 0 errors, 1 left on base; Miami 0 - Montreal 4 |
| BOTTOM OF THE 2ND |
|
Montreal Expos batting - Pitching for Miami Marlins : RHP Oscar Banda
|
|
Batting: LHB Bill McGregor
|
0-0: Called Strike 0-1: Foul Ball, location: 2F 0-2: Ball 1-2: Foul Ball, location: 2F 1-2: Foul Ball, location: 2F 1-2: Foul Ball, location: 2F 1-2: Ball 2-2: Strikes out swinging
|
|
Batting: RHB Tommie Eaton
|
0-0: Ball 1-0: Ball 2-0: Ball 3-0: Called Strike 3-1: Base on Balls
|
|
Batting: LHB Mark Marvin
|
0-0: Ball 1-0: Ball 2-0: Foul Ball, location: 2F 2-1: Ball 3-1: Base on Balls Tommie Eaton to second
|
|
Batting: RHB Tommy Mize
|
0-0: Foul Ball, location: 2F 0-1: Ball 1-1: Foul Ball, location: 2F 1-2: Ball 2-2: Foul Ball, location: 2F 2-2: Strikes out looking
|
|
Batting: RHB John Ham
|
0-0: Fly out, F7 (Flyball, 78S, EV 92.5 MPH)
|
| Bottom of the 2nd over - 0 runs, 0 hits, 0 errors, 2 left on base; Miami 0 - Montreal 4 |
| TOP OF THE 3RD |
|
Miami Marlins batting - Pitching for Montreal Expos : RHP Cheng-ho Hsu
|
|
Batting: SHB Ramon Martinez
|
0-0: Ball 1-0: Ground out U3 (Groundball, 3, EV 85.6 MPH)
|
|
Batting: RHB Bert Clark
|
0-0: Ball 1-0: Ball 2-0: Foul Ball, location: 2F 2-1: Fly out, F8 (Flyball, 78M, EV 86.9 MPH)
|
|
Batting: LHB Andre Gorter
|
0-0: Ball 1-0: Called Strike 1-1: Ground out 4-3 (Groundball, 4, EV 101.2 MPH)
|
| Top of the 3rd over - 0 runs, 0 hits, 0 errors, 0 left on base; Miami 0 - Montreal 4 |
| BOTTOM OF THE 3RD |
|
Montreal Expos batting - Pitching for Miami Marlins : RHP Oscar Banda
|
|
Batting: LHB Austin Ohmer
|
0-0: Ball 1-0: Ball 2-0: Ball 3-0: Called Strike 3-1: Called Strike 3-2: DOUBLE (Line Drive, 78M, EV 110.6 MPH)
|
|
Batting: RHB Steve French
|
0-0: Ball 1-0: Ball 2-0: Ball 3-0: Foul Ball, location: 2F 3-1: Base on Balls
|
|
Batting: SHB Lou Kroneman
|
0-0: Ball 1-0: Ball 2-0: Called Strike 2-1: Swinging Strike 2-2: Foul Ball, location: 2F 2-2: Ball 3-2: Fly out, F9 (Line Drive, 89M, EV 98.1 MPH)
|
|
Batting: RHB Eugênio Asceno
|
0-0: Foul Ball, location: 2F 0-1: Foul Ball, location: 2F 0-2: Ball 1-2: Strikes out swinging
|
|
Batting: LHB Bill McGregor
|
0-0: Called Strike 0-1: Ball 1-1: Ball 2-1: Called Strike 2-2: Foul Ball, location: 2F 2-2: Ball 3-2: Base on Balls Austin Ohmer to third Steve French to second
|
|
Batting: RHB Tommie Eaton
|
0-0: Called Strike 0-1: Foul Ball, location: 2F 0-2: Ball 1-2: Ball 2-2: Foul Ball, location: 2F 2-2: Ball 3-2: Base on Balls Austin Ohmer scores Steve French to third Bill McGregor to second
|
|
Pitching: RHP Chris Nickerson
|
|
|
Batting: LHB Mark Marvin
|
0-0: Called Strike 0-1: Swinging Strike 0-2: Ball 1-2: Ball 2-2: Foul Ball, location: 2F 2-2: Foul Ball, location: 2F 2-2: Strikes out swinging
|
| Bottom of the 3rd over - 1 run, 1 hit, 0 errors, 3 left on base; Miami 0 - Montreal 5 |
| TOP OF THE 4TH |
|
Miami Marlins batting - Pitching for Montreal Expos : RHP Cheng-ho Hsu
|
|
Batting: RHB Jimmy Groseclose
|
0-0: Ball 1-0: Ball 2-0: Ball 3-0: Called Strike 3-1: Swinging Strike 3-2: SINGLE (Groundball, 4MD, EV 100.6 MPH)
|
|
Batting: LHB Jose Bregaro
|
0-0: Ball 1-0: Grounds into double play, 3-6-3 (Groundball, 3, EV 109.4 MPH)
|
|
Batting: RHB Mike Gar
|
0-0: Ball 1-0: Foul Ball, location: 2F 1-1: Swinging Strike 1-2: Ball 2-2: Ground out 5-3 (Groundball, 56S, EV 73.8 MPH)
|
| Top of the 4th over - 0 runs, 1 hit, 0 errors, 0 left on base; Miami 0 - Montreal 5 |
| BOTTOM OF THE 4TH |
|
Montreal Expos batting - Pitching for Miami Marlins : RHP Chris Nickerson
|
|
Batting: RHB Tommy Mize
|
0-0: Ball 1-0: Ball 2-0: Foul Ball, location: 2F 2-1: Ground out 6-3 (Groundball, 6, EV 101.9 MPH)
|
|
Batting: RHB John Ham
|
0-0: Called Strike 0-1: Ball 1-1: Foul Ball, location: 2F 1-2: Foul Ball, location: 2F 1-2: SINGLE (Groundball, 56S, EV 71.2 MPH) (infield hit)
|
|
Batting: LHB Austin Ohmer
|
0-0: Ball 1-0: Ball 2-0: Ball 3-0: Called Strike 3-1: Base on Balls John Ham to second
|
|
Batting: RHB Steve French
|
0-0: Ball 1-0: Called Strike John Ham steals 3rd base Austin Ohmer to second 1-1: Ball 2-1: Foul Ball, location: 2F 2-2: Foul Ball, location: 2F 2-2: Foul Ball, location: 2F 2-2: SINGLE (Line Drive, 56, EV 94.4 MPH) John Ham scores Austin Ohmer to third
|
|
Batting: SHB Lou Kroneman
|
0-0: Called Strike 0-1: Ball 1-1: Swinging Strike 1-2: 3-RUN HOME RUN (Flyball, 9D, EV 95.6 MPH), Distance : 370 ft
|
|
Pitching: RHP Pharamond Lestrange
|
|
|
Batting: RHB Eugênio Asceno
|
0-0: Ground out 5-3 (Groundball, 56, EV 80.6 MPH)
|
|
Batting: LHB Bill McGregor
|
0-0: Fly out, F8 (Flyball, 89M, EV 83.1 MPH)
|
| Bottom of the 4th over - 4 runs, 3 hits, 0 errors, 0 left on base; Miami 0 - Montreal 9 |
| TOP OF THE 5TH |
|
Miami Marlins batting - Pitching for Montreal Expos : RHP Cheng-ho Hsu
|
|
Batting: RHB Alberto Cotto
|
0-0: Called Strike 0-1: Ball 1-1: SINGLE (Line Drive, 8RS, EV 110.6 MPH)
|
|
Batting: RHB Willie Chavez
|
0-0: Fly out, F8 (Flyball, 8LM, EV 98.1 MPH)
|
|
Batting: SHB Jordan Barragan
|
0-0: Foul Ball, location: 2F 0-1: Swinging Strike 0-2: Ball 1-2: Strikes out swinging
|
|
Batting: SHB Ramon Martinez
|
0-0: Ball 1-0: Foul Ball, location: 2F 1-1: DOUBLE (Flyball, 8RXD, EV 95.0 MPH) Alberto Cotto to third
|
|
Batting: RHB Bert Clark
|
0-0: Foul Ball, location: 2F 0-1: Swinging Strike 0-2: Strikes out looking
|
| Top of the 5th over - 0 runs, 2 hits, 0 errors, 2 left on base; Miami 0 - Montreal 9 |
| BOTTOM OF THE 5TH |
|
Montreal Expos batting - Pitching for Miami Marlins : RHP Pharamond Lestrange
|
|
Batting: RHB Tommie Eaton
|
0-0: Called Strike 0-1: Foul Ball, location: 2F 0-2: Ball 1-2: Strikes out swinging
|
|
Batting: LHB Mark Marvin
|
0-0: Ball 1-0: Foul Ball, location: 2F 1-1: Called Strike 1-2: Ball 2-2: Strikes out swinging
|
|
Batting: RHB Tommy Mize
|
0-0: Ball 1-0: Ball 2-0: Ground out U3 (Groundball, 23, EV 87.5 MPH)
|
| Bottom of the 5th over - 0 runs, 0 hits, 0 errors, 0 left on base; Miami 0 - Montreal 9 |
| TOP OF THE 6TH |
|
Miami Marlins batting - Pitching for Montreal Expos : RHP Cheng-ho Hsu
|
|
Batting: LHB Andre Gorter
|
0-0: Ball 1-0: Foul Ball, location: 2F 1-1: Swinging Strike 1-2: Strikes out swinging
|
|
Batting: RHB Jimmy Groseclose
|
0-0: Foul Ball, location: 2F 0-1: Ball 1-1: Swinging Strike 1-2: Ball 2-2: Ground out 6-3 (Groundball, 56, EV 86.2 MPH)
|
|
Batting: LHB Jose Bregaro
|
0-0: Ball 1-0: Called Strike 1-1: Swinging Strike 1-2: Strikes out swinging
|
| Top of the 6th over - 0 runs, 0 hits, 0 errors, 0 left on base; Miami 0 - Montreal 9 |
| BOTTOM OF THE 6TH |
|
Montreal Expos batting - Pitching for Miami Marlins : RHP Pharamond Lestrange
|
|
Batting: RHB John Ham
|
0-0: Called Strike 0-1: Ball 1-1: Swinging Strike 1-2: Ball 2-2: Ball 3-2: Foul Ball, location: 2F 3-2: SOLO HOME RUN (Flyball, 78XD, EV 97.5 MPH), Distance : 400 ft
|
|
Batting: LHB Austin Ohmer
|
0-0: Called Strike 0-1: Called Strike 0-2: Strikes out looking
|
|
Batting: RHB Steve French
|
0-0: Foul Ball, location: 2F 0-1: Fly out, F7 (Flyball, 7S, EV 83.8 MPH)
|
|
Batting: SHB Lou Kroneman
|
0-0: Ball 1-0: Ball 2-0: Fly out, F9 (Line Drive, 9S, EV 97.5 MPH)
|
| Bottom of the 6th over - 1 run, 1 hit, 0 errors, 0 left on base; Miami 0 - Montreal 10 |
| TOP OF THE 7TH |
|
Miami Marlins batting - Pitching for Montreal Expos : RHP Cheng-ho Hsu
|
|
Batting: RHB Mike Gar
|
0-0: Ball 1-0: Foul Ball, location: 2F 1-1: Ground out 5-3 (Groundball, 5, EV 81.2 MPH)
|
|
Batting: RHB Alberto Cotto
|
0-0: Swinging Strike 0-1: Called Strike 0-2: Strikes out swinging
|
|
Batting: RHB Willie Chavez
|
0-0: Ball 1-0: Called Strike 1-1: Ball 2-1: Foul Ball, location: 2F 2-2: Ground out 5-3 (Groundball, 56, EV 91.2 MPH)
|
| Top of the 7th over - 0 runs, 0 hits, 0 errors, 0 left on base; Miami 0 - Montreal 10 |
| BOTTOM OF THE 7TH |
|
Montreal Expos batting - Pitching for Miami Marlins : RHP Pharamond Lestrange
|
|
Batting: RHB Eugênio Asceno
|
0-0: DOUBLE (Flyball, 8RXD, EV 87.5 MPH)
|
|
Batting: LHB Bill McGregor
|
0-0: Called Strike 0-1: Ground out 5-3 (Groundball, 56S, EV 93.8 MPH)
|
|
Batting: RHB Tommie Eaton
|
0-0: Ball 1-0: Swinging Strike 1-1: SINGLE (Groundball, 4, EV 98.1 MPH) Eugênio Asceno to third Runner from 3rd tries for Home, throw by CF and OUT! 8-2 Tommie Eaton to second
|
|
Batting: LHB Mark Marvin
|
0-0: Ground out U3 (Groundball, 34, EV 100.0 MPH)
|
| Bottom of the 7th over - 0 runs, 2 hits, 0 errors, 1 left on base; Miami 0 - Montreal 10 |
| TOP OF THE 8TH |
|
Miami Marlins batting - Pitching for Montreal Expos : RHP Cheng-ho Hsu
|
|
Batting: SHB Jordan Barragan
|
0-0: Ball 1-0: Ball 2-0: Foul Ball, location: 2F 2-1: Called Strike 2-2: Strikes out looking
|
|
Batting: SHB Ramon Martinez
|
0-0: Ball 1-0: Called Strike 1-1: Ball 2-1: Called Strike 2-2: Foul Ball, location: 2F 2-2: Ball 3-2: Foul Ball, location: 2F 3-2: Ground out 6-3 (Groundball, 6, EV 86.2 MPH)
|
|
Batting: RHB Bert Clark
|
0-0: Ball 1-0: Ground out 3-1 (Groundball, 34, EV 80.0 MPH)
|
| Top of the 8th over - 0 runs, 0 hits, 0 errors, 0 left on base; Miami 0 - Montreal 10 |
| BOTTOM OF THE 8TH |
|
Montreal Expos batting - Pitching for Miami Marlins : RHP Pharamond Lestrange
|
|
Batting: RHB Tommy Mize
|
0-0: Called Strike 0-1: Called Strike 0-2: Strikes out swinging
|
|
Batting: RHB John Ham
|
0-0: Called Strike 0-1: Swinging Strike 0-2: Strikes out swinging
|
|
Batting: LHB Austin Ohmer
|
0-0: Ball 1-0: Called Strike 1-1: Ball 2-1: Swinging Strike 2-2: Foul Ball, location: 2F 2-2: Ball 3-2: Fly out, F4 (Popup, 4D, EV 56.9 MPH)
|
| Bottom of the 8th over - 0 runs, 0 hits, 0 errors, 0 left on base; Miami 0 - Montreal 10 |
| TOP OF THE 9TH |
|
Miami Marlins batting - Pitching for Montreal Expos : RHP Cheng-ho Hsu
|
|
Pitching: LHP Kyle Schlosschlonghair
|
|
|
Batting: LHB Andre Gorter
|
0-0: Called Strike 0-1: Ball 1-1: Swinging Strike 1-2: Ball 2-2: Fly out, F8 (Flyball, 78S, EV 84.4 MPH)
|
|
Batting: RHB Jimmy Groseclose
|
0-0: Foul Ball, location: 2F 0-1: Ball 1-1: Ball 2-1: Ball 3-1: Base on Balls
|
|
Batting: RHB Zhi-bin Ou-yang
|
0-0: Called Strike 0-1: Ball 1-1: SINGLE (Groundball, 6M, EV 105.6 MPH) (infield hit) Jimmy Groseclose to second
|
|
Batting: RHB Mike Gar
|
0-0: Ball 1-0: Called Strike 1-1: DOUBLE (Line Drive, 7LD, EV 100.0 MPH) Jimmy Groseclose scores Zhi-bin Ou-yang to third
|
|
Batting: RHB Alberto Cotto
|
0-0: Foul Ball, location: 2F 0-1: 3-RUN HOME RUN (Flyball, 7D, EV 110.6 MPH), Distance : 400 ft
|
|
Pitching: RHP Nelson Dawson
|
|
|
Pinch Hitting: LHB Adam Durgin
|
0-0: Ball 1-0: Fly out, F7 (Flyball, 78M, EV 83.1 MPH)
|
|
Batting: SHB Jordan Barragan
|
0-0: Foul Ball, location: 2F 0-1: Ball 1-1: Foul Ball, location: 2F 1-2: Foul Ball, location: 2F 1-2: Ball 2-2: Ground out 4-3 (Groundball, 4, EV 81.2 MPH)
|
| Top of the 9th over - 4 runs, 3 hits, 0 errors, 0 left on base; Miami 4 - Montreal 10 |
|